 Dungeon Crawl Stone Soup version 0.16-a0-3338-g714714c (webtiles) character file.

16440 Fiveotanaka the Zephyrmancer (level 12, -10/81 HPs)
             Began as a White Draconian Air Elementalist on Dec 28, 2014.
             Was a High Priest of Vehumet.
             Mangled by Snorg (21 damage)
             ... on level 4 of the Lair of Beasts.
             The game lasted 01:13:24 (17471 turns).

Fiveotanaka the Zephyrmancer (DrAE)                Turns: 17471, Time: 01:13:24

Health: -10/81     AC:  9    Str:  9 (10) XL:     12   Next: 10%
Magic:  4/36       EV: 15    Int: 18 (20) God:    Vehumet [*****.]
Gold:   558        SH:  0    Dex: 13      Spells: 5 memorised, 10 levels left

rFire  + . .     SeeInvis .     M - +2 long sword (holy)
rCold  + . .     Clarity  .     (armour unavailable)
rNeg   . . .     SustAb   .     (no shield)
rPois  .         Gourm    +     (helmet restricted)
rElec  .         Spirit   .     (no cloak)
rCorr  .         Warding  .     y - +0 pair of gloves
rMut   .         Stasis   .     (no boots)
MR     .....                    C - amulet of the gourmand
Stlth  ++........               l - ring of protection from fire
                                t - ring of magical power

@: short of breath, repel missiles, not resistant to hostile enchantments,
unstealthy
A: breathe frost, unfitting armour, horns 2, cold resistance 1, deterioration 1,
frail 1, mutation resistance 1, sense surroundings 1, cold-blooded, AC +8
a: Breathe Frost, Renounce Religion


You were on level 4 of the Lair of Beasts.
You worshipped Vehumet.
Vehumet was extremely pleased with you.
You were not hungry.

You visited 2 branches of the dungeon, and saw 14 of its levels.
You also visited: Ossuary.

You collected 684 gold pieces.
You spent 126 gold pieces at shops.

Inventory:

Hand weapons
 p - a cursed +0 blowgun
 M - a +2 long sword of holy wrath (weapon)
Missiles
 v - 386 stones (quivered)
 w - 3 curare-tipped needles
 G - 2 throwing nets
 L - 68 poisoned needles
 W - 8 needles of slowing
Armour
 y - a +0 pair of gloves (worn)
Jewellery
 h - an uncursed ring of invisibility
 l - a ring of protection from fire (right hand)
 s - an uncursed ring of ice
 t - a ring of magical power (left hand)
 z - an uncursed ring of teleport control
 C - an amulet of the gourmand (around neck)
 D - an uncursed ring of stealth
 I - an uncursed ring of protection from cold
 P - an uncursed ring of see invisible
 U - an uncursed ring of fire
Magical devices
 j - a wand of digging (0)
 R - a wand of polymorph (17)
 T - a wand of fire (6)
 V - a wand of frost (26)
 X - a wand of fire (7)
Scrolls
 d - 2 scrolls of recharging
 g - 2 scrolls of amnesia
 i - 3 scrolls of fog
 m - 2 scrolls of enchant armour
 n - 3 scrolls of identify
 o - 8 scrolls of remove curse
 A - a scroll of magic mapping
 E - a scroll of brand weapon {unknown}
 F - a scroll of holy word {unknown}
 K - a scroll of enchant weapon
 S - a scroll of random uselessness {unknown}
 Z - 2 scrolls of fear
Potions
 a - a potion of curing
 e - 3 potions of restore abilities
 k - 2 potions of resistance
 r - 2 potions of haste
 u - 4 potions of cancellation
 x - 3 potions of might
 J - 2 potions of heal wounds {unknown}
 N - 2 potions of agility {unknown}
 Y - a potion of poison {unknown}
Books
 b - a book of Air

   Spells                             Type                      Level
   a - Shock                          Conjuration/Air              1
   b - Swiftness                      Charms/Air                   2
   c - Repel Missiles                 Charms/Air                   2
   d - Flight                         Charms/Air                   3
   e - Static Discharge               Conjuration/Air              3
   f - Lightning Bolt                 Conjuration/Air              5
 q - a Grand Grimoire {highlevel, unknown}

   This book is beyond your current level of understanding.

   Spells                             Type                      Level
   a - Aura of Abjuration             Summoning                    6
   b - Forceful Dismissal             Summoning                    6
   c - Summon Greater Demon           Summoning                    7
   d - Malign Gateway                 Summoning/Translocation      7
   e - Summon Horrible Things         Summoning                    8
 O - a book of Callings

   Spells                             Type                      Level
   a - Summon Small Mammal            Summoning                    1
   b - Call Imp                       Summoning                    2
   c - Call Canine Familiar           Summoning                    3
   d - Summon Guardian Golem          Hexes/Summoning              4
   e - Summon Lightning Spire         Summoning/Air                4
   f - Summon Ice Beast               Ice/Summoning                4
Comestibles
 c - 14 bread rations
 f - 4 beef jerkies
 B - 9 meat rations
 H - 19 royal jellies
 Q - 11 slices of pizza


   Skills:
 - Level 4.1 Fighting
 - Level 6.0 Dodging
 - Level 1.7 Stealth
 - Level 7.1 Spellcasting
 + Level 10.4 Conjurations
 - Level 2.7 Charms
 - Level 13.0 Air Magic


You had 10 spell levels left.
You knew the following spells:

 Your Spells              Type           Power        Failure   Level  Hunger
a - Shock                 Conj/Air       ####         1%          1    None
b - Repel Missiles        Chrm/Air       ####..       1%          2    None
c - Static Discharge      Conj/Air       #####...     1%          3    ##.....
d - Lightning Bolt        Conj/Air       #####.....   1%          5    #####..
e - Airstrike             Air            ######....   1%          4    ####...


Dungeon Overview and Level Annotations

Branches:
Dungeon (10/15)            Temple (0/1) D:7            Lair (4/8) D:10
  Swamp (0/5) Lair:3
  Snake: Lair:3-6    Spider: Lair:3-6       Orc: D:9-12

Altars:
Dithmenos
Elyvilon
Gozag
Kikubaaqudgha
Makhleb
Nemelex Xobeh
Okawaru
Ru
Trog
Vehumet
Yredelemnul

Shops:
D:5 [   D:7 =   D:8 *

Annotations:
Lair:4 Snorg


Innate Abilities, Weirdness & Mutations

You can breathe waves of freezing cold.
You can buffet flying creatures when you breathe cold.
Your icy white scales are hard (AC +8).
Your body does not fit into most forms of armour.
Your flesh is cold resistant.
Your cold-blooded metabolism reacts poorly to cold.
You have a pair of horns on your head.
Your body is slowly deteriorating.
You are frail (-10% HP).
You are somewhat resistant to further mutation.
You passively map a small area around you.


Message History

The lightning grounds out.
Snorg bites you.
* * * LOW HITPOINT WARNING * * *
Snorg claws you.
* * * LOW HITPOINT WARNING * * *
Snorg claws you.
* * * LOW HITPOINT WARNING * * *
Snorg bites you.
* * * LOW HITPOINT WARNING * * *
Snorg closely misses you. x2
Casting: Static Discharge
Confirm with . or Enter, or press ? or * to list all spells.
You don't know that spell.
Use which ability? (? or * to list)
Press: ? - help, Shift-Dir - straight line, f/p - Snorg
Aim: Snorg (almost dead, berserk, fast, unusually strong)
You exhale a wave of freezing cold.
The freezing breath misses Snorg.
You feel somewhat more hungry. Snorg bites you.
* * * LOW HITPOINT WARNING * * *
Snorg claws you!!
You die...

,
#..................
**, *
#.................
##................
#................,
, ,
#............... ,,
*##........... ,
#............ , ,
##........... ,
##P@†....... , *
##.T......$ , ,,
,,#......... ,
......... ,
.#[....... ,
,........... ..
........ , ,...
...#.#. * .,.....#.
*


You could see Snorg (berserk).

Vanquished Creatures
  A hydra (Lair:3)
  Pikel (D:9)
  A griffon (Lair:3)
  Joseph (D:9)
  A black mamba (Lair:3)
  2 spiny frogs
  Psyche (D:8)
  5 komodo dragons
  A wandering mushroom (Lair:3)
  A queen bee (D:9)
  2 fire drakes (Lair:3)
  A two-headed ogre (D:8)
  Prince Ribbit (D:4)
  3 blink frogs (Lair:1)
  A troll (D:10)
  A wyvern (Lair:4)
  A human (D:7)
  4 yaks
  5 hippogriffs
  A steam dragon (D:10)
  Edmund (D:4)
  4 wolves (D:10)
  5 water moccasins
  4 porcupines
  3 necrophages
  An orc warrior (D:6)
  A yellow wasp (D:9)
  A phantom (D:6)
  2 ice beasts
  2 sky beasts
  9 ogres
  4 centaurs
  4 crocodiles
  2 slaves (D:9)
  9 giant frogs
  Blork the orc (D:4)
  A big kobold (D:7)
  A gnoll sergeant (D:9)
  2 scorpions
  8 wights
  23 killer bees (D:9)
  3 electric eels (D:10)
  4 crimson imps
  A giant frog zombie (D:7)
  3 goliath beetles
  2 centaur zombies
  4 jellies
  3 centaur skeletons
  9 hounds
  2 giant frog skeletons
  5 orc priests
  7 worker ants
  4 human zombies (Ossuary)
  9 iguanas
  7 orc wizards
  3 sheep (D:7)
  4 hound zombies (Ossuary)
  A hound skeleton (D:9)
  3 mummies (Ossuary)
  18 adders
  5 gnolls (D:9)
  17 river rats
  2 shadow imps
  6 worms
  2 giant mites
  4 adder zombies
  2 adder skeletons
  9 giant geckos
  3 oozes
  21 orcs
  3 bat skeletons
  11 hobgoblins
  11 jackals
  18 kobolds
  10 quokkas
  3 ball pythons
  13 bats
  6 giant newts
  A giant spore (D:10)
  17 goblins
  3 goblin zombies (Ossuary)
  7 hobgoblin zombies (Ossuary)
  5 jackal zombies (Ossuary)
  2 kobold zombies (Ossuary)
  3 orc zombies (Ossuary)
  A quokka zombie (Ossuary)
  38 rats
  2 rat zombies (Ossuary)
  4 ballistomycetes (D:10)
444 creatures vanquished.

Vanquished Creatures (others)
  An electric eel (D:10)
  A shadow imp (D:9)
  An orc (D:8)
  A plant (Lair:1)
4 creatures vanquished.

Grand Total: 448 creatures vanquished

Notes
Turn   | Place    | Note
--------------------------------------------------------------
     0 | D:1      | Fiveotanaka, the Draconian Air Elementalist, began the quest for the Orb.
     0 | D:1      | Reached XP level 1. HP: 14/14 MP: 3/3
   370 | D:1      | Reached XP level 2. HP: 20/20 MP: 0/4
  1400 | D:2      | Reached XP level 3. HP: 22/26 MP: 0/6
  2033 | D:2      | Found an iron altar of Okawaru.
  2261 | D:3      | Reached skill level 4 in Conjurations
  2261 | D:3      | Reached XP level 4. HP: 29/33 MP: 7/7
  2549 | D:3      | Learned a level 2 spell: Repel Missiles
  2553 | D:3      | Learned a level 3 spell: Static Discharge
  2625 | D:3      | Noticed an ogre
  2631 | D:3      | Killed an ogre
  2631 | D:3      | Reached skill level 5 in Conjurations
  2631 | D:3      | Reached XP level 5. HP: 38/38 MP: 9/9
  3037 | D:3      | Found a sparkling altar of Nemelex Xobeh.
  3148 | D:3      | Found a shadowy altar of Dithmenos.
  3148 | D:3      | Found a radiant altar of Vehumet.
  3157 | D:3      | Became a worshipper of Vehumet
  3182 | D:4      | Noticed an ogre
  3189 | D:4      | Killed an ogre
  3189 | D:4      | Reached XP level 6. HP: 43/45 MP: 10/10
  3262 | D:4      | Noticed an ogre
  3267 | D:4      | Killed an ogre
  3267 | D:4      | Reached skill level 5 in Air Magic
  3340 | D:4      | Found an ancient bone altar of Kikubaaqudgha.
  3351 | D:4      | Noticed an ogre
  3360 | D:4      | Killed an ogre
  3682 | D:4      | Reached skill level 6 in Conjurations
  3682 | D:4      | Your scales start taking on an icy white colour.
  3682 | D:4      | Gained mutation: Your flesh is cold resistant. [draconian maturity]
  3682 | D:4      | Reached XP level 7. HP: 50/50 MP: 12/12
  3747 | D:4      | Noticed Blork the orc
  3755 | D:4      | Killed Blork the orc
  3811 | D:4      | Noticed Prince Ribbit
  3818 | D:4      | Killed Prince Ribbit
  3818 | D:4      | Reached skill level 7 in Air Magic
  4003 | D:4      | Acquired Vehumet's first power
  4003 | D:4      | Offered knowledge of Freeze by Vehumet.
  4084 | D:4      | Noticed an ogre
  4117 | D:4      | Killed an ogre
  4154 | D:4      | Noticed Edmund
  4165 | D:4      | Killed Edmund
  4165 | D:4      | Reached XP level 8. HP: 41/57 MP: 6/13
  4267 | D:4      | Found an opulent altar of Gozag.
  4540 | D:5      | Entered Level 5 of the Dungeon
  4566 | D:5      | Found Idetoud's Antique Armour Emporium.
  4924 | D:5      | Found a sand-covered staircase.
  4982 | Ossuary  | Entered an ossuary
  5006 | Ossuary  | Reached skill level 8 in Conjurations
  5237 | Ossuary  | Offered knowledge of Magic Dart by Vehumet.
  5444 | Ossuary  | Offered knowledge of Dazzling Spray by Vehumet.
  5562 | D:5      | Gained mutation: You have a pair of small horns on your head. [potion of beneficial mutation]
  5718 | D:5      | Bought a pair of gloves for 126 gold pieces
  6311 | D:6      | Reached skill level 9 in Air Magic
  6397 | D:6      | Acquired Vehumet's second power
  6570 | D:6      | Reached XP level 9. HP: 62/62 MP: 14/14
  7141 | D:7      | Reached skill level 1 in Fighting
  7200 | D:7      | Found a staircase to the Ecumenical Temple.
  7307 | D:7      | Offered knowledge of Airstrike by Vehumet.
  7315 | D:7      | Learned a level 5 spell: Lightning Bolt
  7348 | D:7      | Found a white marble altar of Elyvilon.
  7374 | D:7      | Gained mutation: You passively map a small area around you. [mutagenic meat]
  7375 | D:7      | Gained mutation: You are somewhat resistant to further mutation. [mutagenic meat]
  7376 | D:7      | Gained mutation: You have a pair of horns on your head. [mutagenic meat]
  7608 | D:7      | Found Jifol's Jewellery Shop.
  7870 | D:7      | Found a bloodstained altar of Trog.
  7870 | D:7      | Found a sacrificial altar of Ru.
  8240 | D:7      | Learned a level 4 spell: Airstrike
  8250 | D:7      | Acquired Vehumet's third power
  8306 | D:7      | Reached skill level 1 in Charms
  8344 | D:7      | Offered knowledge of Ignite Poison by Vehumet.
  8848 | D:8      | Found Ceul's Demolitions Depot.
  9017 | D:8      | Noticed Psyche
  9022 | D:8      | Killed Psyche
  9250 | D:8      | Reached XP level 10. HP: 73/73 MP: 20/20
  9483 | D:8      | Found an opulent altar of Gozag.
  9571 | D:8      | Found a burning altar of Makhleb.
 10186 | D:9      | Offered knowledge of Iskenderun's Battlesphere by Vehumet.
 10280 | D:9      | Noticed Pikel
 10314 | D:9      | Reached skill level 10 in Air Magic
 10508 | D:9      | HP: 5/115 [poisoned by a killer bee]
 10952 | D:9      | Reached skill level 11 in Air Magic
 11216 | D:9      | Reached skill level 5 in Dodging
 11630 | D:9      | Killed Pikel
 11630 | D:9      | Reached skill level 5 in Spellcasting
 12046 | D:9      | Noticed Joseph
 12059 | D:9      | Killed Joseph
 12059 | D:9      | Reached XP level 11. HP: 51/84 MP: 6/23
 12217 | D:9      | Found a basalt altar of Yredelemnul.
 12462 | D:10     | Entered Level 10 of the Dungeon
 12685 | D:10     | Found a staircase to the Lair.
 12693 | D:10     | Noticed a hill giant
 13036 | D:10     | Reached skill level 12 in Air Magic
 13230 | Lair:1   | Entered Level 1 of the Lair of Beasts
 13437 | Lair:1   | Offered knowledge of Force Lance by Vehumet.
 14029 | Lair:1   | Gained mutation: You are frail (-10% HP). [potion of mutation]
 14029 | Lair:1   | Gained mutation: Your body is slowly deteriorating. [potion of mutation]
 14527 | Lair:1   | Reached skill level 13 in Air Magic
 15762 | Lair:3   | Noticed a seven-headed hydra
 15766 | Lair:3   | Killed a seven-headed hydra
 16145 | Lair:3   | Found a staircase to the Swamp.
 16472 | Lair:3   | Reached XP level 12. HP: 76/81 MP: 27/27
 16593 | Lair:3   | Reached skill level 10 in Conjurations
 17461 | Lair:4   | Noticed Snorg
 17471 | Lair:4   | Mangled by Snorg

Action                   |  1- 3 |  4- 6 |  7- 9 | 10-12 || total
-------------------------+-------+-------+-------+-------++-------
Melee: Dagger            |    32 |     7 |    20 |       ||    59
       Long sword        |       |       |   157 |   127 ||   284
Throw: Stone             |     2 |       |       |       ||     2
 Cast: Shock             |    87 |    82 |   422 |   424 ||  1015
       Repel Missiles    |       |     1 |     5 |     3 ||     9
       Static Discharge  |       |       |    18 |    27 ||    45
       Airstrike         |       |       |     8 |    85 ||    93
       Lightning Bolt    |       |       |       |    42 ||    42
 Abil: Breathe Frost     |       |       |     7 |     3 ||    10
  Use: Scroll            |     1 |     3 |    13 |     7 ||    24
       Potion            |       |     1 |     1 |     9 ||    11
 Stab: Sleeping          |       |       |     1 |       ||     1
       Distracted        |       |       |       |     1 ||     1
  Eat: Chunk             |     6 |     5 |    29 |    44 ||    84
       Fruit             |       |       |     1 |     1 ||     2
       Meat ration       |       |       |       |     1 ||     1
       Bread ration      |       |       |       |     1 ||     1
